 Dungeon Crawl Stone Soup version 0.30.0-29-ga12c61a403 (webtiles) character file.

Game seed: 7476947422808680747

631 Graphine the Ducker (level 7, 0/52 HPs)
             Began as a Merfolk Gladiator on June 23, 2023.
             Was an Elder of Sif Muna.
             Succumbed to an orc's poison
             ... on level 4 of the Dungeon.
             The game lasted 00:17:28 (2975 turns).

Graphine the Ducker (Merfolk Gladiator)             Turns: 2975, Time: 00:17:29

Health: 0/52       AC:  6    Str: 14    XL:     7   Next: 48%
Magic:  10/10      EV: 15    Int: 13    God:    Sif Muna [****..]
Gold:   201        SH:  0    Dex: 18    Spells: 10/10 levels left

rFire   + . .        a - +4 long sword
rCold   + . .        (no shield)
rNeg    . . .        b - +0 leather armour
rPois   .            c - +2 helmet
rElec   .            (no cloak)
rCorr   .            (no gloves)
SInv    .            (no boots)
Will    .....        j - amulet of the acrobat
Stlth   +            l - ring of protection from cold
HPRegen 0.28/turn    r - ring "Cohywo Ilaf" {rF+ Int+6}
MPRegen 0.12/turn

%: acrobat
@: lethally poisoned (0 -> -16)
A: (nimble swimmer 2), mertail
a: Renounce Religion, Channel Magic, Forget Spell, Divine Exegesis


You were on level 4 of the Dungeon.
You worshipped Sif Muna.
Sif Muna was greatly pleased with you.
You visited 1 branch of the dungeon, and saw 4 of its levels.
You also visited: Ossuary.

You collected 201 gold pieces.

Inventory:

Hand Weapons
 a - a +4 long sword (weapon)
 f - a +2 dagger of venom
Missiles
 e - a javelin (quivered)
Armour
 b - a +0 leather armour (worn)
 c - a +2 helmet (worn)
Jewellery
 j - an amulet of the acrobat (around neck)
 l - a ring of protection from cold (left hand)
 r - the ring "Cohywo Ilaf" (right hand) {rF+ Int+6}
   (You acquired it in an ossuary)

   [ring of intelligence]

   Int:       It affects your intelligence (+6).
   rF:        It protects you from fire.
Scrolls
 n - 2 scrolls of fear
 q - a scroll of blinking
 u - a scroll of magic mapping
Potions
 d - a potion of magic {unknown}
 g - a potion of degeneration {unknown}
 h - a potion of ambrosia {unknown}
 i - a potion of resistance {unknown}
 k - 4 potions of flight
 m - 3 potions of heal wounds
 p - a potion of cancellation {unknown}
 s - 2 potions of haste
 t - a potion of invisibility {unknown}
 w - a potion of attraction {unknown}


   Skills:
 + Level 3.5 Fighting
 * Level 5.4 Long Blades
 + Level 3.2 Throwing
 * Level 6.0 Dodging
 + Level 0.4 Shields
 + Level 2.1 Spellcasting
 * Level 4.1 Transmutations
 + Level 2.2 Invocations


You had 10 spell levels left.
You didn't know any spells.
Your spell library contained the following spells:

 Spells                   Type           Power      Damage    Failure   Level
 Blade Hands              Tmut           6%         N/A       85%         5
 Irradiate                Conj/Tmut      3%         3d12      98%         5
 Dragon Form              Tmut           6%         N/A       100%        7


Dungeon Overview and Level Annotations

Branches:
Dungeon (4/15)            Ossuary (visited)
 Temple: D:4-7

Altars:
Sif Muna

Shops:
D:2 :

Annotations:
D:4 1 transporter


Innate Abilities, Weirdness & Mutations

((You are very nimble when in or above water. (Stealth+, EV+, Speed+++)))
Your lower body shifts to a powerful aquatic tail in water.


Message History

You miss something. Something barely misses you.
The orc hits you with a +1 whip of venom.
* * * LOW HITPOINT WARNING * * *
You are lethally poisoned!
Something closely misses you. The orc completely misses you.
Hit: a) +4 long sword
Press: ? - help, Dir - move target You miss something.
* * * LOW HITPOINT WARNING * * *
You feel very sick. The orc barely misses you. Something barely misses you.
You feel better. Something hits you.
The orc hits you with a +1 whip of venom.
* * * LOW HITPOINT WARNING * * *
Hit: a) +4 long sword
Press: ? - help, Dir - move target, f - orc
Aim: an orc, wielding a +1 whip of venom (about 33% to evade your +4 long sword)
You hit the orc.
The orc is lightly wounded.
Something hits you.
* * * LOW HITPOINT WARNING * * *
The orc hits you with a +1 whip of venom.
* * * LOW HITPOINT WARNING * * *
You are poisoned.
Hit: a) +4 long sword
Press: ? - help, Dir - move target, f/p - orc
Aim: an orc, wielding a +1 whip of venom (lightly wounded, about 33% to evade your +4 long sword)
You hit the orc.
The orc is severely wounded.
* * * LOW HITPOINT WARNING * * *
You feel very sick.
You hear some strange, mumbled words.
A puff of flame appears from out of thin air!
The puff of flame hits you. You resist.
* * * LOW HITPOINT WARNING * * *
The orc hits you but does no damage.
You are more poisoned.
As you read the scroll of fear, it crumbles to dust.
You assume a fearsome visage.
The orc looks frightened! x2
You die...

.. ###...###.#
#.. ###...###
... )... #...###
..##
#..##.#...##.
...
#............ ..
####.......#....
###.#....##
##.<.#......
#{@###.......
#oo## #.......
#.# ..... ...
.... ... .....
##.. ###


You could see 2 orcs.

Vanquished Creatures
  Menkaure (Ossuary)
  An ogre (D:3)
  2 elf skeletons (D:4)
  An orc priest (D:4)
  2 human zombies (D:4)
  An orc wizard (D:3)
  A human skeleton (D:4)
  3 mummies (Ossuary)
  An adder (D:3)
  2 worms (D:2)
  3 dart slugs
  6 orcs
  4 bats
  9 endoplasms
  A giant cockroach (D:4)
  4 gnoll zombies (Ossuary)
  7 goblins
  4 hobgoblins
  12 jackals
  2 quokkas
  8 ball pythons
  A frilled lizard (D:3)
  5 gnoll skeletons (Ossuary)
  2 goblin skeletons (Ossuary)
  A goblin zombie (Ossuary)
  A hobgoblin skeleton (Ossuary)
  5 hobgoblin zombies (Ossuary)
  5 kobold skeletons (Ossuary)
  3 kobold zombies (Ossuary)
  7 orc skeletons
  5 orc zombies (Ossuary)
  A rat (D:2)
  6 rat skeletons (Ossuary)
  7 rat zombies (Ossuary)
124 creatures vanquished.

Notes
Turn   | Place    | Note
-------+----------+-------------------------------------------
     0 | D:1      | Graphine the Merfolk Gladiator began the quest for the Orb.
     0 | D:1      | Reached XP level 1. HP: 16/16 MP: 1/1
   231 | D:1      | Reached XP level 2. HP: 22/22 MP: 2/2
   445 | D:1      | Reached skill level 1 in Transmutations
   650 | D:2      | Found a faded altar of an unknown god.
   651 | D:2      | Noticed a great orb of eyes
   653 | D:2      | Noticed a great orb of eyes
   657 | D:2      | Reached XP level 3. HP: 28/28 MP: 3/3
   657 | D:2      | Noticed an eye of devastation
   657 | D:2      | Noticed an eye of devastation
   662 | D:2      | Prayed at the altar of an unknown god.
   662 | D:2      | Became a worshipper of Sif Muna the Loreminder
   662 | D:2      | Reached * piety under Sif Muna
   886 | D:2      | Reached skill level 1 in Spellcasting
   927 | D:2      | Found Qeetz's Book Emporium.
   994 | D:2      | Reached XP level 4. HP: 33/34 MP: 5/5
   999 | D:2      | Reached ** piety under Sif Muna
  1181 | D:2      | Reached skill level 1 in Invocations
  1557 | D:3      | Noticed an ogre
  1566 | D:3      | Killed an ogre
  1567 | D:3      | Reached XP level 5. HP: 39/39 MP: 5/7
  1798 | D:3      | Reached skill level 5 in Dodging
  2323 | D:4      | Noticed a fire bat
  2323 | D:4      | Found a transporter.
  2387 | D:4      | Reached XP level 6. HP: 38/46 MP: 8/8
  2401 | D:4      | Found a sand-covered staircase.
  2416 | Ossuary  | Entered an ossuary
  2578 | Ossuary  | Reached *** piety under Sif Muna
  2711 | Ossuary  | Noticed Menkaure
  2718 | Ossuary  | Killed Menkaure
  2719 | Ossuary  | Reached skill level 5 in Long Blades
  2719 | Ossuary  | Reached XP level 7. HP: 40/52 MP: 9/9
  2854 | Ossuary  | Identified a scroll of acquirement
  2854 | Ossuary  | Acquired the ring "Cohywo Ilaf" {rF+ Int+6}
  2885 | D:4      | Reached **** piety under Sif Muna
  2964 | D:4      | Reached skill level 6 in Dodging
  2975 | D:4      | Succumbed to an orc's poison

Illustrated notes

Levels and vault maps discovered:
D:1:      nzn_arrival_water_spiral, layout_basic
D:2:      layout_basic, serial_shops, nicolae_shop_tiny_statue_garden,
          hellmonk_ecumenical_altar_watching_god, serial_rivers,
          chequers_serial_rivers_micro_c, chequers_serial_rivers_small_b,
          chequers_serial_rivers_micro_b, chequers_serial_rivers_small_3,
          chequers_serial_rivers_micro_e
D:3:      layout_basic, minivault_14
D:4:      gammafunk_cloud_chamber, layout_rooms,
          pdpol_wu_jian_five_deadly_venoms, gammafunk_temple_overflow_elements,
          nicolae_ossuary_entry_catacombs, kennysheep_decorative_pillar,
          uniq_duvessa, uniq_blork_the_orc, uniq_edmund

Skill      XL: |  1  2  3  4  5  6  7 |
---------------+----------------------+-----
Transmutations | 1 2 3 4 |  4.1
Long Blades    | 4 5 |  5.4
Spellcasting   | 1 2 |  2.1
Invocations    | 1 2 |  2.2
Dodging        | 5 6 |  6.0
Fighting       | 3 |  3.5
Throwing       | 3 |  3.2
Shields        | |  0.4

Action                     |  1- 3 |  4- 6 |  7- 9 || total
---------------------------+-------+-------+-------++-------
  Melee: Long sword        |    94 |   189 |    51 ||   334
         Punch             |       |     1 |       ||     1
  Throw: Javelin           |     1 |     3 |       ||     4
         Throwing net      |     2 |     3 |       ||     5
    Use: Scroll            |     4 |    11 |     5 ||    20
         Potion            |       |       |     2 ||     2
   Stab: Distracted        |     1 |       |       ||     1
         Held in net/web   |     1 |     4 |       ||     5
         Sleeping          |       |     2 |       ||     2
 Armour: Leather armour    |    26 |    32 |     6 ||    64
  Dodge: Dodged            |    92 |    81 |    27 ||   200
